 Dungeon Crawl Stone Soup version 0.31-a0-995-g04711c9635 (webtiles) character file.

Game seed: 12924417782295573171

107435 Maratek the Peltast (level 16, -1/147 HPs)
             Began as a Demonspawn Fighter on Nov 6, 2023.
             Was the Champion of Qazlal.
             Slain by a ghost moth (6 damage)
             ... on level 1 of the Spider Nest.
             The game lasted 00:53:43 (22613 turns).

Maratek the Peltast (Demonspawn Fighter)           Turns: 22613, Time: 00:53:44

Health: -1/147     AC: 37    Str: 17    XL:     16   Next: 0%
Magic:  0/16       EV:  0    Int:  9    God:    Qazlal [******]
Gold:   1468       SH: 48    Dex: 27    Spells: 15/15 levels left

rFire   . . .        b - +6 demon blade (freeze)
rCold   . . .        C - +18 shield of the Gong {Loud rN+ Will+ rCorr EV-5}
rNeg    + . .        M - +7 crystal plate armour {ponderous}
rPois   .            N - +2 helmet {SInv}
rElec   .            F - +2 cloak
rCorr   +            a - +2 pair of gloves
SInv    +            (no boots)
Will    ++...        y - amulet of regeneration Stlth
                     J - +6 ring of dexterity
HPRegen 1.24/turn    D - ring of flight
MPRegen 0.15/turn

%: repel missiles
@: lethally poisoned (-1 -> -21), protected from physical damage, corroded,
flying, slow
A: large bone plates 2, ignite blood 1, robust 2, demonic magic 1, demonic touch
2
a: Renounce Religion, Upheaval, Elemental Force, Disaster Area


You were on level 1 of the Spider Nest.
You worshipped Qazlal.
Qazlal was exalted by your worship.
You visited 5 branches of the dungeon, and saw 25 of its levels.
You also visited: Ossuary.

You collected 2476 gold pieces.
You spent 1008 gold pieces at shops.

Inventory:

Hand Weapons
 b - a +6 demon blade of freezing (weapon)
Armour
 a - a +2 pair of gloves (worn)
 C - the +18 shield of the Gong (worn) {Loud rN+ Will+ rCorr EV-5}
   (You acquired it on level 11 of the Dungeon)

   Loud:      It is deafeningly noisy when blocking attacks.
   EV-5:      It affects your evasion (-5).
   rN+:       It protects you from negative energy.
   Will+:     It increases your willpower.
   rCorr:     It protects you from acid and corrosion.
 F - a +2 cloak (worn)
 M - a +7 crystal plate armour of ponderousness (worn)
 N - a +2 helmet of see invisible (worn)
Jewellery
 e - a ring of see invisible
 q - a ring of fire
 v - a +6 ring of intelligence
 y - an amulet of regeneration (around neck)
 D - a ring of flight (right hand)
 I - an amulet of reflection
 J - a +6 ring of dexterity (left hand)
Wands
 h - a wand of iceblast (5)
 i - a wand of charming (15)
 l - a wand of light (9)
 m - a wand of polymorph (19)
 H - a wand of digging (6)
 L - a wand of flame (8)
Scrolls
 c - 2 scrolls of blinking
 g - 2 scrolls of silence
 o - 3 scrolls of fog
 p - 6 scrolls of revelation
 r - 6 scrolls of teleportation
 u - 3 scrolls of amnesia
 w - 3 scrolls of fear
 A - a scroll of butterflies
 B - a scroll of vulnerability
 K - 7 scrolls of identify
 O - a scroll of poison
Potions
 d - 5 potions of might
 f - 10 potions of curing
 j - 3 potions of cancellation
 k - a potion of magic
 n - a potion of heal wounds
 s - a potion of ambrosia
 t - a potion of brilliance
 z - 3 potions of lignification
 E - a potion of mutation
Miscellaneous
 x - a phantom mirror
 G - a lightning rod (4/4)


   Skills:
 + Level 10.5 Fighting
 * Level 15.4 Long Blades
 * Level 10.4 Armour
 - Level 6.3 Dodging
 - Level 2.6 Stealth
 * Level 16.4 Shields
 + Level 0.6 Unarmed Combat
 - Level 1.8 Evocations


You had 15 spell levels left.
You didn't know any spells.
Your spell library contained the following spells:

 Spells                   Type           Power      Damage    Failure   Level
 Apportation              Tloc           0%         N/A       100%        1
 Necrotise                Necr           0%         1d4       100%        1
 Sandblast                Erth           0%         2d4       100%        1
 Summon Small Mammal      Summ           0%         N/A       100%        1
 Blink                    Tloc           0%         N/A       100%        2
 Passwall                 Tmut/Erth      0%         N/A       100%        2
 Call Canine Familiar     Summ           0%         N/A       100%        3
 Ozocubu's Armour         Ice            0%         N/A       100%        3
 Stone Arrow              Conj/Erth      0%         3d7       100%        3
 Summon Guardian Golem    Hex/Summ       0%         N/A       100%        3
 Anguish                  Hex/Necr       0%         N/A       100%        4
 Brom's Barrelling Bould  Conj/Erth      0%         2d3       100%        4
 Cause Fear               Hex            0%         N/A       100%        4
 Manifold Assault         Tloc           0%         N/A       100%        4
 Metabolic Englaciation   Hex/Ice        0%         N/A       100%        5
 Dispersal                Tloc           0%         N/A       100%        6
 Simulacrum               Ice/Necr       0%         N/A       100%        6
 Enfeeble                 Hex            0%         N/A       100%        7
 Disjunction              Tloc           0%         N/A       100%        8
 Chain Lightning          Conj/Air       0%         N/A       100%        9
 Fire Storm               Conj/Fire      0%         5d1       100%        9
 Shatter                  Erth           0%         3d5*      100%        9


Dungeon Overview and Level Annotations

Branches:
Dungeon (15/15)            Temple (1/1) D:4            Lair (5/5) D:10
  Swamp (0/4) Lair:2       Spider (2/4) Lair:2        Slime (0/5) Lair:4
    Orc (2/2) D:12            Elf (0/3) Orc:2        Depths (0/4) D:15
Ossuary (visited)
 Vaults: D:13-14

Altars:
Ashenzari
Cheibriados
Dithmenos
Fedhas
Gozag
Hepliaklqana
Kikubaaqudgha
Makhleb
Nemelex Xobeh
Okawaru
Qazlal
Ru
Sif Muna
Trog
Uskayaw
Vehumet
Wu Jian
Xom
Yredelemnul
Jiyva

Shops:
D:3 (:   D:4 (   D:13 [   Orc:2 =*(

Annotations:
D:7 3 runed translucent doors, Karim's ghost, novice GnEE
D:10 exclusion: obsidian statue
Lair:2 1 runed translucent door, Vale's ghost, journeyman GnSh
Lair:4 1 runed translucent door


Innate Abilities, Weirdness & Mutations

You are mostly covered in large bone plates. (SH +6)
Your demonic aura sometimes causes spilled blood to erupt in flames.
You are very robust. (+20% HP)
Spells you cast may paralyse adjacent enemies.
Your touch may inflict irresistible damage on your foes.


Message History

The ghost moth hits you but does no damage.
The ghost moth hits you!
* * * LOW HITPOINT WARNING * * *
The ghost moth stings you but does no damage.
You fly upwards.
You feel yourself speed up.
You feel extremely sick.
There is a stone staircase leading down here.
You feel better.
The jumping spider is engulfed in blazing flames.
You block the jumping spider's attack.
GONNNNG!
You block the jumping spider's attack.
GONNNNG!
You block the jumping spider's attack.
SHROANNG!
You block the jumping spider's attack.
GONNNNG!
The redback bites you but does no damage.
The wolf spider hits you but does no damage.
The wolf spider bites you!
* * * LOW HITPOINT WARNING * * *
You are poisoned.
The wolf spider poisons you!
The jumping spider is engulfed in blazing flames.
The jumping spider pounces on you!
* * * LOW HITPOINT WARNING * * *
The jumping spider bites you but does no damage.
The wolf spider hits you.
* * * LOW HITPOINT WARNING * * *
You feel more protected from physical attacks.
The wolf spider bites you but does no damage.
The redback bites you but does no damage.
The jumping spider pounces on you!
* * * LOW HITPOINT WARNING * * *
You block the jumping spider's attack.
GONNNNG!
The ghost moth stares at you. The ghost moth hits you.
You die...

.###...#####..#.#####.##.........
...##.## #.##.........####....#
......# ##.........<.## #...##
......#####.............## #.....
.......##....^...........###..#..
.........#..^........###..#..###.
......####.....°..○.## ##....###.
.....## ##...°sss### #..#......
.....# #...°s@s# ##.##......
.....#######...sy## #.###.....#
#......#.# ##...### ##.# #....##
#.......### #.....####.## #...##
.........^###.####....## #..##
.......###.#.## #####.####..##
......## ##.## #.##..#..###
......# ##...# ##...###.>##
.....####..#.## ###...#####..#


You could see a ghost moth (invisible), 2 wolf spiders, 2 jumping spiders and 2
redbacks.

Vanquished Creatures
  Gastronok (Lair:1)
  Frances (Spider:1)
  2 orc warlords
  A broodmother (Spider:1)
  Snorg (D:12)
  2 catoblepae
  Erolcha (D:9)
  6 hydras
  3 centaur warriors
  2 boulder beetles
  11 death yaks
  2 two-headed ogres
  Urug (Orc:2)
  2 demonic crawlers (Spider:1)
  2 orc high priests (Orc:2)
  A storm dragon zombie (D:15)
  3 pharaoh ants (Spider:1)
  A skyshark (Lair:4)
  8 skeletal warriors
  A flayed ghost (D:15)
  15 slime creatures
  A steelbarb worm (Spider:1)
  An orb spider (Spider:1)
  An arcanist (D:15)
  A steelbarb worm (shapeshifter) (D:14)
  A deep elf pyromancer (D:10)
  5 orc knights
  A necromancer (D:15)
  8 wolf spiders
  4 orc sorcerers
  2 manticores
  8 ugly things
  6 cyclopes
  A moth of wrath (Spider:1)
  14 elephants
  A guardian serpent (Lair:5)
  13 black mambas
  21 cane toads
  4 torpor snails
  A kobold demonologist (D:13)
  An unseen horror (D:12)
  3 rime drakes
  8 komodo dragons
  3 polar bears
  3 trolls
  9 tarantellas
  7 hornets
  31 blink frogs
  A glass eye (shapeshifter) (D:14)
  3 dream sheep (Lair:2)
  Sigmund (D:5)
  6 culicivoras (Spider:1)
  A spriggan skeleton (D:15)
  4 vampires
  7 jumping spiders
  2 shadows (D:10)
  38 yaks
  12 wyverns
  4 steam dragons
  4 basilisks
  5 wargs
  11 vampire mosquitoes
  18 redbacks
  An acid dragon (D:11)
  22 water moccasins
  2 hell hounds (Lair:4)
  28 orc warriors
  A sky beast (D:8)
  3 black bears
  A meliai simulacrum (D:15)
  7 ice beasts
  4 ogres
  2 wolves (D:10)
  7 centaurs
  3 phantoms
  2 elf zombies (Ossuary)
  A kobold brigand (D:10)
  13 bullfrogs
  3 scorpions
  8 wights
  3 killer bees (D:10)
  An electric eel (Lair:2)
  7 howler monkeys
  A crimson imp (D:8)
  2 human zombies (Ossuary)
  8 centaur zombies (Ossuary)
  10 orc priests
  6 hounds
  2 jellies
  Ijyb (D:5)
  An iguana (D:5)
  16 orc wizards
  3 mummies (Ossuary)
  4 gnolls (D:2)
  6 adders
  A shadow imp (D:6)
  2 white imps
  3 dart slugs
  72 orcs
  7 endoplasms
  A giant cockroach (D:3)
  5 goblins
  4 hobgoblins
  2 jackals (D:1)
  4 quokkas
  9 ball pythons
  3 bats
  5 frilled lizards
  7 kobolds
  A rat (D:1)
648 creatures vanquished.

Vanquished Creatures (others)
  A troll (Orc:2)
  An orc warrior (Orc:2)
  A quokka (D:6)
3 creatures vanquished.

Grand Total: 651 creatures vanquished

Notes
Turn   | Place    | Note
-------+----------+-------------------------------------------
     0 | D:1      | Maratek the Demonspawn Fighter began the quest for the Orb.
     0 | D:1      | Reached XP level 1. HP: 18/18 MP: 1/1
   206 | D:1      | Gained mutation: Your touch may inflict minor irresistible
                  | damage on your foes. [demonic ancestry]
   206 | D:1      | Reached XP level 2. HP: 23/24 MP: 2/2
   863 | D:1      | Gained mutation: Your touch may inflict irresistible damage
                  | on your foes. [demonic ancestry]
   863 | D:1      | Reached XP level 3. HP: 23/29 MP: 3/3
  1022 | D:2      | Found a faded altar of an unknown god.
  1232 | D:2      | Gained mutation: You are partially covered in large bone
                  | plates. (SH +4) [demonic ancestry]
  1232 | D:2      | Reached XP level 4. HP: 35/35 MP: 4/4
  1694 | D:3      | Found Noopeuma's Vocational Training.
  1768 | D:3      | Noticed an ice beast
  1777 | D:3      | Killed an ice beast
  1778 | D:3      | Gained mutation: Spells you cast may paralyse adjacent
                  | enemies. [demonic ancestry]
  1778 | D:3      | Reached XP level 5. HP: 20/41 MP: 5/5
  2083 | D:3      | Found Ceup's Antique Weapon Emporium.
  2387 | D:4      | Found a staircase to the Ecumenical Temple.
  2396 | D:4      | Reached skill level 3 in Shields
  2505 | Temple   | Entered the Ecumenical Temple
  2519 | Temple   | Became a worshipper of Qazlal Stormbringer
  2611 | D:4      | Found Baon's Weapon Shop.
  2643 | D:4      | Reached skill level 1 in Dodging
  2643 | D:4      | Gained mutation: You are mostly covered in large bone
                  | plates. (SH +6) [demonic ancestry]
  2643 | D:4      | Reached XP level 6. HP: 22/48 MP: 6/6
  2940 | D:4      | Reached skill level 1 in Stealth
  3361 | D:5      | Entered Level 5 of the Dungeon
  3376 | D:5      | Noticed an ice beast
  3392 | D:5      | Killed an ice beast
  3471 | D:5      | Noticed Ijyb
  3483 | D:5      | Killed Ijyb
  3583 | D:5      | Noticed Sigmund
  3601 | D:5      | Reached XP level 7. HP: 37/54 MP: 7/7
  3616 | D:5      | Killed Sigmund
  3617 | D:5      | Reached skill level 5 in Long Blades
  4238 | D:5      | Reached * piety under Qazlal
  4827 | D:6      | Reached XP level 8. HP: 56/60 MP: 8/8
  4850 | D:5      | Reached skill level 5 in Armour
  5091 | D:6      | Reached skill level 4 in Shields
  5684 | D:6      | Identified a scroll of acquirement
  5684 | D:6      | Acquired a +4 demon blade of freezing
  5811 | D:7      | Found an ornate altar of the Wu Jian Council.
  5873 | D:7      | Reached XP level 9. HP: 62/66 MP: 9/9
  6058 | D:7      | Found a runed translucent gate.
  6058 | D:7      | Found an opulent altar of Gozag.
  6059 | D:7      | Found a runed translucent gate.
  6059 | D:7      | Found a runed translucent gate.
  6060 | D:7      | Noticed Karim's ghost (novice GnEE)
  6588 | D:8      | Reached skill level 5 in Fighting
  6802 | D:9      | Reached ** piety under Qazlal
  6973 | D:8      | Reached skill level 5 in Shields
  7015 | D:8      | Found a sand-covered staircase.
  7034 | Ossuary  | Entered an ossuary
  7053 | Ossuary  | Gained mutation: You are robust. (+10% HP) [demonic
                  | ancestry]
  7053 | Ossuary  | Reached XP level 10. HP: 61/83 MP: 10/10
  7334 | D:8      | Found a blossoming altar of Fedhas.
  7601 | D:8      | Found a burning altar of Makhleb.
  8367 | D:9      | You are sucked into a shaft and drop 2 floors!
  8481 | D:11     | Acquired the +18 shield of the Gong {Loud rN+ Will+ rCorr
                  | EV-5}
  8481 | D:11     | Found the +18 shield of the Gong {Loud rN+ Will+ rCorr
                  | EV-5}
  8496 | D:11     | Noticed a green ugly thing
  8504 | D:11     | Killed a green ugly thing
  8505 | D:11     | Reached skill level 10 in Long Blades
  8688 | D:10     | Entered Level 10 of the Dungeon
  8790 | D:9      | Reached *** piety under Qazlal
  8918 | D:9      | Noticed Erolcha
  8924 | D:9      | Killed Erolcha
  9199 | D:10     | Noticed a deep elf pyromancer
  9209 | D:10     | Reached skill level 6 in Shields
  9213 | D:10     | Killed a deep elf pyromancer
  9226 | D:10     | Reached XP level 11. HP: 91/91 MP: 11/11
  9364 | D:10     | Found a staircase to the Lair.
  9553 | D:10     | Noticed an obsidian statue
 10540 | D:12     | Noticed a purple ugly thing
 10541 | D:12     | Reached skill level 7 in Shields
 10550 | D:12     | Killed a purple ugly thing
 10593 | D:12     | Found a staircase to the Orcish Mines.
 10632 | D:12     | Reached **** piety under Qazlal
 11156 | D:12     | Reached skill level 8 in Shields
 11356 | D:12     | Noticed a two-headed ogre
 11357 | D:12     | Noticed Snorg
 11362 | D:12     | Killed a two-headed ogre
 11376 | D:12     | Killed Snorg
 11377 | D:12     | Gained mutation: You are very robust. (+20% HP) [demonic
                  | ancestry]
 11377 | D:12     | Reached XP level 12. HP: 48/109 MP: 12/12
 11550 | D:13     | Noticed a centaur warrior
 11582 | D:13     | Noticed a boulder beetle
 11603 | D:12     | Killed a boulder beetle
 11631 | D:13     | Killed a centaur warrior
 11632 | D:13     | Reached skill level 9 in Shields
 11794 | D:13     | Reached skill level 5 in Dodging
 11806 | D:13     | Reached ***** piety under Qazlal
 11829 | D:13     | Reached skill level 10 in Shields
 11839 | D:13     | Noticed an eight-headed hydra
 11858 | D:13     | Killed a 16-headed hydra
 12537 | D:13     | Reached skill level 1 in Evocations
 12580 | D:13     | Found a snail-covered altar of Cheibriados.
 12582 | D:13     | Found Cheibriados's Comfort Zone.
 13051 | D:14     | Noticed a vault guard
 13051 | D:14     | Noticed a vault guard
 13234 | D:14     | Noticed a catoblepas
 13248 | D:14     | Killed a catoblepas
 13280 | D:14     | Noticed a centaur warrior
 13310 | D:14     | Killed a centaur warrior
 13311 | D:14     | Reached XP level 13. HP: 118/118 MP: 13/13
 13321 | D:14     | Found a broken altar of Ashenzari.
 13717 | D:15     | Entered Level 15 of the Dungeon
 14106 | D:15     | Found an iron altar of Okawaru.
 14118 | D:15     | Found a staircase to the Depths.
 14154 | D:15     | Reached skill level 11 in Shields
 15022 | D:13     | Bought a +3 crystal plate armour of ponderousness for 1008
                  | gold pieces
 15105 | Orc:1    | Entered Level 1 of the Orcish Mines
 15256 | Orc:2    | Entered Level 2 of the Orcish Mines
 15257 | Orc:2    | Paralysed by an orc sorcerer for 3 turns
 15278 | Orc:2    | Noticed an orc warlord
 15326 | Orc:2    | Noticed Urug
 15361 | Orc:1    | Killed an orc warlord
 15416 | Orc:2    | Reached skill level 12 in Shields
 15421 | Orc:2    | Killed Urug
 15421 | Orc:2    | Noticed an orc warlord
 15471 | Orc:2    | Paralysed by an orc sorcerer for 5 turns
 15481 | Orc:2    | Killed an orc warlord
 15482 | Orc:2    | Paralysed by an orc sorcerer for 3 turns
 15563 | Orc:2    | Found Wodghojue's Antique Weapon Emporium.
 15592 | Orc:2    | Found Luv Keug's General Store.
 15613 | Orc:2    | Found a staircase to the Elven Halls.
 15765 | Orc:2    | Found Nephiral's Antique Armour Shop.
 15799 | Orc:2    | Found Qaal's Jewellery Shop.
 15849 | Orc:2    | Gained mutation: Your demonic aura sometimes causes spilled
                  | blood to erupt in flames. [demonic ancestry]
 15849 | Orc:2    | Reached XP level 14. HP: 121/129 MP: 14/14
 16215 | Lair:1   | Entered Level 1 of the Lair of Beasts
 16279 | Lair:1   | Noticed Gastronok
 16290 | Lair:1   | Killed Gastronok
 16496 | Lair:1   | Identified the +3 quarterstaff "Amoskuem" {heavy, rC+ rN+
                  | rCorr MP+9}
 17059 | Lair:2   | Reached ****** piety under Qazlal
 17061 | Lair:2   | Reached skill level 13 in Shields
 17355 | Lair:2   | Found a runed translucent door.
 17357 | Lair:2   | Noticed Vale's ghost (journeyman GnSh)
 17449 | Lair:2   | Found a hole to the Spider Nest.
 17567 | Lair:2   | Found a staircase to the Swamp.
 18956 | Lair:4   | Reached skill level 14 in Shields
 19208 | Lair:4   | You are sucked into a shaft and drop 1 floor!
 19208 | Lair:5   | Entered Level 5 of the Lair of Beasts
 19230 | Lair:5   | Reached XP level 15. HP: 138/138 MP: 15/15
 19283 | Lair:5   | Reached skill level 10 in Fighting
 19369 | Lair:5   | Reached skill level 15 in Shields
 19554 | Lair:5   | Reached skill level 10 in Armour
 19655 | Lair:5   | Reached skill level 15 in Long Blades
 20564 | Lair:4   | Identified the +9 scale mail of Subjectivity {Dex+3}
 20579 | Lair:4   | Found a runed translucent door.
 20580 | Lair:4   | Found a viscous altar of Jiyva.
 20580 | Lair:4   | Noticed an acid blob
 20582 | Lair:4   | Found a staircase to the Slime Pits.
 21089 | Spider:1 | Entered Level 1 of the Spider Nest
 21216 | Spider:1 | Reached skill level 16 in Shields
 21241 | Spider:1 | Noticed Frances
 21248 | Spider:1 | Killed Frances
 22610 | Spider:2 | Reached XP level 16. HP: 100/147 MP: 0/16
 22613 | Spider:1 | HP: 5/147 [jumping spider[a torpor snail] (17)]
 22613 | Spider:1 | Slain by a ghost moth

Illustrated notes

Levels and vault maps discovered:
D:1:      eino_arrival_cavern_e, layout_basic,
          nicolae_concentric_dashed_squares_wild
D:2:      layout_loops_ring, ebering_ecumenical_altar_ruins
D:3:      layout_loops_ring, serial_shops, nicolae_shop_tiny_glass,
          nicolae_shop_vocational
D:4:      layout_basic, minmay_temple_entry_glass, serial_shops,
          nicolae_shop_pleasant_corner_grove
D:5:      layout_basic, uniq_ijyb, uniq_sigmund
D:6:      layout_cave_pools, elyvilon_altar_4
D:7:      kennysheep_steamy, layout_basic, mainiacjoe_overflow_six_doors_small,
          ebering_ghost_gozag
D:8:      layout_loops_ring, makhleb_grotto_becter,
          mainiacjoe_overflow_chevrons, nicolae_ossuary_entry_ruins,
          hangedman_abyss_or_decor_stabs, st_stairs_4,
          serial_library_hellmonk_hallway_b
D:9:      layout_basic, uniq_erolcha
D:10:     layout_loops_ring, hellmonk_lair_entry_icy, enter_bailey_2,
          minmay_statue_bubble
D:11:     layout_basic
D:12:     layout_stronghold, hiddenorc2_lemuel, gauntlet_entry_generic,
          uniq_snorg
D:13:     layout_layer_cave, portal_ice_cave_rime, st_stairs_12,
          minmay_shop_chei, grunt_decor_mini_mirrors
D:14:     layout_rooms, grunt_vaults_entry_fortified, serial_corexii_hall,
          chequers_hall_statues_y, chequers_hall_statues_y,
          chequers_hall_statues_wall_a, chequers_hall_statues_wall_a,
          ashenzari_altar_1
D:15:     gammafunk_depths_entry_grave, layout_cave_pods, okawaru_trees_1,
          serial_co_window_serial, co_window_paths_a,
          co_window_of_opportunity_a, co_window_corner_a,
          co_window_of_opportunity_a, co_window_paths_a, co_window_corner_b,
          co_window_broadway_c, co_window_broadway_c, co_window_4corner_a,
          glass_columns_c, glass_columns_a, glass_columns_a, glass_columns_c
Temple:   compressed_dpeg_circular_temple
Lair:1:   layout_regular_city, nicolae_lair_lil_pond, uniq_gastronok
Lair:2:   layout_regular_city, minmay_swamp_entry_swarm, spider_nest_entry_webs,
          ebering_ghost_reflecting_pool, beast_lair_carwin_11,
          lemuel_fruit_fields, grunt_megastairs_2
Lair:3:   layout_roguey, bh_autumn_forest_stairs
Lair:4:   layout_regular_city, slime_entry_2, enter_volcano_3,
          beast_lair_carwin_5
Lair:5:   hangedman_lair_tendril_chambers, layout_loops_ring, pond,
          infiniplex_staircase_pool_2
Spider:1: layout_chambers, guppyfry_hornet_nest, uniq_frances
Spider:2: layout_spider_delve
Orc:1:    layout_caves
Orc:2:    grunt_orc_gardens, layout_caves, grunt_orc_garden, grunt_orc_garden,
          grunt_orc_garden, grunt_orc_garden, nicolae_orc_stony_grotto,
          uniq_urug

Skill      XL: |  1  2  3  4  5  6  7  8  9 10 11 12 13 14 15 |
---------------+----------------------------------------------+-----
Armour         | 3 4 5 7 8 9 10 | 10.4
Long Blades    | 2 3 4 6 8 10 12 13 14 15 | 15.4
Shields        | 3 4 5 6 8 10 12 14 16 | 16.4
Dodging        | 1 2 3 4 5 6 |  6.3
Stealth        | 1 2 |  2.6
Fighting       | 4 5 6 7 8 9 10 | 10.5
Evocations     | 1 |  1.8
Unarmed Combat | |  0.6

Action                     |  1- 3 |  4- 6 |  7- 9 | 10-12 | 13-15 | 16-18 || total
---------------------------+-------+-------+-------+-------+-------+-------++-------
  Melee: Long sword        |    87 |   112 |   149 |       |       |       ||   348
         Touch             |     9 |    15 |    40 |    21 |       |       ||    85
         Punch             |     2 |     3 |     3 |     2 |       |       ||    10
         Unarmed           |       |     7 |    11 |       |       |       ||    18
         Demon blade       |       |       |    86 |   651 |  1154 |     1 ||  1892
  Evoke: Wand              |       |       |       |     3 |    23 |       ||    26
    Use: Scroll            |     1 |     7 |     9 |    16 |    13 |       ||    46
         Potion            |       |       |     5 |     2 |     5 |     1 ||    13
   Stab: Distracted        |       |     1 |       |       |       |       ||     1
         Petrified         |       |       |       |     2 |       |       ||     2
         Invisible         |       |       |       |       |     5 |       ||     5
 Armour: Scale mail        |    69 |    96 |   136 |       |       |       ||   301
         Skin              |       |     7 |     5 |       |       |       ||    12
         Chain mail        |       |       |     7 |       |       |       ||     7
         Plate armour      |       |       |    59 |    46 |       |       ||   105
         Ring mail         |       |       |       |   199 |    36 |       ||   235
         Crystal plate arm |       |       |       |       |   338 |    28 ||   366
  Dodge: Dodged            |    35 |    76 |   118 |    73 |    19 |       ||   321
         Repelled          |       |       |       |       |     1 |       ||     1
  Block: Buckler           |     4 |       |       |       |       |       ||     4
         Other             |       |    33 |   100 |    31 |       |       ||   164
         Kite shield       |       |       |       |   788 |  1533 |    16 ||  2337

Table legend: (Time is in decaauts)
 A = Elapsed time spent in this place.
 B = Non-inter-level travel time spent in this place.
 C = Inter-level travel time spent in this place.
 D = Time resting spent in this place.
 E = Time spent auto-exploring this place.
 F = Levels seen in this place.
 G = Mean time per level.
                   A        B        C        D        E       F      G
               +--------+--------+--------+--------+--------+-----+--------+
         Total |  22860 |  21096 |   1764 |   1313 |  16108 |  26 |  879.2 |
       Dungeon |  14887 |  13667 |   1220 |   1068 |  10317 |  15 |  992.5 |
        Temple |     28 |      2 |     26 |      0 |      0 |   1 |   28.0 |
          Lair |   5093 |   4734 |    359 |     40 |   3872 |   5 | 1018.6 |
   Spider Nest |   1579 |   1502 |     77 |     79 |   1193 |   2 |  789.5 |
  Orcish Mines |   1046 |    965 |     81 |    126 |    576 |   2 |  523.0 |
       Ossuary |    224 |    224 |      0 |      0 |    148 |   1 |  224.0 |
               +--------+--------+--------+--------+--------+-----+--------+

Top non-repeatable levels by time:
     D:5: 1624 daAuts
Spider:1: 1552 daAuts
    D:13: 1364 daAuts
    D:12: 1333 daAuts
    D:15: 1198 daAuts
  Lair:5: 1157 daAuts
     D:9: 1085 daAuts
  Lair:3: 1057 daAuts
  Lair:4: 1029 daAuts
     D:7: 975 daAuts
  Lair:1: 966 daAuts
     D:4: 964 daAuts
     D:8: 948 daAuts
     D:1: 905 daAuts
    D:11: 899 daAuts
